 Dungeon Crawl Stone Soup version 0.25.1-2-g60ff931df9 (webtiles) character file.

Game seed: 5462948549103731874

19 SilverPrince the Skirmisher (level 2, 0/27 HPs)
             Began as a Minotaur Wanderer on Aug 13, 2020.
             Slain by Sigmund
             ... wielding a +4 scythe of venom
              (2 damage)
             ... on level 2 of the Dungeon.
             The game lasted 00:01:35 (984 turns).

SilverPrince the Skirmisher (Minotaur Wanderer)      Turns: 984, Time: 00:01:36

Health: 0/27       AC:  2    Str: 14    XL:     2   Next: 55%
Magic:  1/1        EV: 12    Int:  9    God:
Gold:   73         SH:  0    Dex: 11    Spells: 1/1 levels left

rFire    . . .     SeeInvis .   a - +2 mace
rCold    . . .     Gourm    .   (no shield)
rNeg     . . .     Faith    .   d - +0 robe
rPois    .         Spirit   .   (helmet restricted)
rElec    .         Reflect  .   (no cloak)
rCorr    .         Harm     .   (no gloves)
MR       .....                  (no boots)
Stlth    ++........             (no amulet)
HPRegen  0.09/turn              (no ring)
MPRegen  0.07/turn              (no ring)

@: lethally poisoned (0 -> -25)
A: retaliatory headbutt, horns 2
a: no special abilities


You were on level 2 of the Dungeon.
You were not hungry.

You visited 1 branch of the dungeon, and saw 2 of its levels.

You collected 73 gold pieces.

Inventory:

Hand Weapons
 a - a +2 mace (weapon)
 b - a +0 spear
 e - a +0 dagger
Armour
 d - a +0 robe (worn)
Jewellery
 h - an uncursed ring of protection from magic {unknown}
Scrolls
 c - a scroll of teleportation
 i - 3 scrolls of identify {unknown}
 j - a scroll of fear {unknown}
Comestibles
 f - 3 rations
 g - 4 chunks of flesh


   Skills:
 + Level 3.9 Fighting
 - Level 1.2 Maces & Flails
 - Level 1.2 Polearms
 - Level 1.2 Armour
 - Level 1.1 Dodging
 - Level 1.5 Stealth
   Level 1.2 Shields
   Level 1.0 Evocations


You had one spell level left.
You didn't know any spells.
Your spell library was empty.

Dungeon Overview and Level Annotations

Branches:
Dungeon (2/15)

Altars:

Annotations:
D:2 Sigmund


Innate Abilities, Weirdness & Mutations

You reflexively headbutt those who attack you in melee.
You have a pair of horns on your head.


Message History

You're too confused to move!
Something hits you!
You are lethally poisoned!
The frilled lizard bites you.
It was a potion of heal wounds.
You feel much better.
You feel sick. Something hits you!
You are more poisoned.
The frilled lizard bites you.
You bump into the rock wall.
You feel less confused.
You feel very sick. The frilled lizard bites you.
* * * LOW HITPOINT WARNING * * *
You feel sick. The frilled lizard bites you.
* * * LOW HITPOINT WARNING * * *
* * * LOW HITPOINT WARNING * * *
You feel sick. The frilled lizard misses you.
There is a stone staircase leading down here.
* * * LOW HITPOINT WARNING * * *
You feel sick. Something hits you.
You die...

.........)..............
......#####.............
#.....# ###.............
..###.#.................
.## #...................
. ##.................. #
............######
#........#...##
#..####..@...#
#......l....#
######{#..## #.##..#
##.###.# ##..###.#
#######.....).#
..........#####
....##.###


You could see a frilled lizard.

Vanquished Creatures
  A dart slug (D:1)
  A giant cockroach (D:1)
  4 goblins
  4 hobgoblins (D:1)
  3 kobolds (D:1)
  2 bats (D:1)
  A frilled lizard (D:1)
  A rat (D:1)
17 creatures vanquished.

Notes
Turn   | Place    | Note
-------+----------+-------------------------------------------
     0 | D:1      | SilverPrince the Minotaur Wanderer began the quest for the
                  | Orb.
     0 | D:1      | SilverPrince set off with the following items: a +2 mace, a
                  | +0 spear, a scroll of teleportation, a +0 robe, a +0
                  | dagger, a ration
     0 | D:1      | Reached XP level 1. HP: 18/18 MP: 0/0
   128 | D:1      | Reached skill level 3 in Fighting
   200 | D:1      | Reached XP level 2. HP: 17/26 MP: 1/1
   965 | D:2      | Noticed Sigmund
   984 | D:2      | Slain by Sigmund

Illustrated notes

Levels and vault maps discovered:
D:1:      ncdulo_halloftheorcs, layout_rooms, minmay_misc_feat_encased
D:2:      layout_rooms, nicolae_overflow_hidden_temple,
          chequers_ecumenical_altar_simple, uniq_sigmund, uniq_robin,
          uniq_jessica

Skill      XL: |  1 |
---------------+----+-----
Fighting       | 3 |  3.9
Maces & Flails | |  1.2
Polearms       | |  1.2
Armour         | |  1.2
Dodging        | |  1.1
Stealth        | |  1.5
Shields        | |  1.2
Evocations     | |  1.0

Action                   || total
-------------------------++-------
Melee: Mace              ||    30
       Headbutt          ||     3
  Use: Potion            ||     1
 Stab: Sleeping          ||     1
Armor: Robe              ||     7
Dodge: Dodged            ||    27
